 Dungeon Crawl Stone Soup version 0.23-a0-368-g82e9058 (webtiles) character file.

4 Cryolive the Digger (level 1, -1/10 HPs)
             Began as a Gargoyle Earth Elementalist on Oct 24, 2018.
             Slain by a leopard gecko (2 damage)
             ... on level 1 of the Dungeon.
             The game lasted 00:00:25 (37 turns).

Cryolive the Digger (Gargoyle Earth Elementalist)     Turns: 37, Time: 00:00:25

Health: -1/10      AC:  4    Str: 11    XL:     1   Next: 60%
Magic:  0/3        EV: 12    Int: 15    God:
Gold:   0          SH:  0    Dex: 10    Spells: 3/4 levels left

rFire    . . .     SeeInvis .   (no weapon)
rCold    . . .     Gourm    .   (no shield)
rNeg     + . .     Faith    .   c - +0 robe
rPois    ∞         Spirit   .   (no helmet)
rElec    +         Reflect  .   (no cloak)
rCorr    .         Harm     .   (no gloves)
MR       .....                  (no boots)
Stlth    ++........             (no amulet)
HPRegen  0.03/turn              (no ring)
MPRegen  0.08/turn              (no ring)

@: no status effects
A: negative energy resistance 1, electricity resistance, unbreathing,
petrification resistance, rot immunity, AC +2
a: no special abilities


You were on level 1 of the Dungeon.
You were not hungry.

You visited 1 branch of the dungeon, and saw 1 of its levels.

Inventory:

Missiles
 b - 27 stones (quivered)
Armour
 c - a +0 robe (worn)
Scrolls
 a - a scroll of magic mapping {unknown}
Comestibles
 d - a ration


   Skills:
 - Level 1.5 Dodging
 - Level 2.1 Stealth
 + Level 2.1 Spellcasting
   Level 0.7 Transmutations
 + Level 3.8 Earth Magic


You had 3 spell levels left.
You knew the following spells:

 Your Spells              Type           Power        Failure   Level  Hunger
a - Sandblast             Erth           ##....       4%          1    #......

Your spell library contained the following spells:

 Spells                   Type           Power        Failure   Level  Hunger
 Passwall                 Tmut/Erth      #.......     13%         2    ###....
 Stone Arrow              Conj/Erth      #.....       30%         3    ###....
 Petrify                  Tmut/Erth      #.......     65%         4    #####..
 Lee's Rapid Deconstruct  Erth           ##........   77%         5    ######.


Dungeon Overview and Level Annotations

Branches:
Dungeon (1/15)

Altars:


Innate Abilities, Weirdness & Mutations

You are resistant to torment.
Your stone body is resilient. (AC +2)
You are immune to poison.
You resist negative energy. (rN+)
You are resistant to electric shocks. (rElec)
You can survive without breathing.
You are immune to petrification.
You are immune to rotting.


Message History

Confirm wit' . or Enter, or press ? or * ta list all spells.
Aimin': Sandblast (safe; 4% risk o' failure)
Press: ? - help, Shift-Dir - straight line, f - dart slug
Aim: a dart slug (clin'in') Tha blast o' sand hits tha dart slug.
Ye kill tha dart slug!
b - 27 stones Castin': Sandblast (safe; 4% risk o' failure) Confirm wit' . or Enter, or press ? or * ta list all spells.
Ye dinnae haf enough magic ta cast tha spell.
Ye closely miss tha leopard gecko.
Tha leopard gecko bites ye.
* * * LOW HITPOINT WARNIN'
* * * Ye hit tha leopard gecko but do nay damage.
Tha leopard gecko misses ye.
Tha leopard gecko bites ye.
* * * LOW HITPOINT WARNIN'
* * * Ye miss tha leopard gecko.
Tha leopard gecko bites ye but does nay damage.
Ye miss tha leopard gecko.
Tha leopard gecko closely misses ye.
Ye closely miss tha leopard gecko.
Tha leopard gecko bites ye.
Ye die...

... .. #. #.## #..#
#####.###############
#.....(..............
#.###.##########.####
#.@..# ♣...♣ #)#l.#
♣♣..♣ #.#..# ♣..♣
#.#..# ♣.♣♣ .....#
♣..♣ .....# ♣♣.♣
......# ♣♣♣.♣♣♣ .#.
#.# ♣.....♣ ♣♣.<.♣♣


You could see a leopard gecko.

Vanquished Creatures
  A dart slug (D:1)
  2 kobolds (D:1)
3 creatures vanquished.

Notes
Turn   | Place    | Note
-------+----------+-------------------------------------------
     0 | D:1      | Cryolive the Gargoyle Earth Elementalist began the quest
                  | for the Orb.
     0 | D:1      | Reached XP level 1. HP: 10/10 MP: 3/3
    37 | D:1      | Slain by a leopard gecko

Vault maps used:
D:1:      roderic_dead_forest

Action                   || total
-------------------------++-------
Melee: Unarmed           ||    11
 Cast: Sandblast         ||     3
Armor: Robe              ||     3
Dodge: Dodged            ||    10

Table legend:
 A = Non-vault XP
 B = Vault XP
 C = Vault XP percentage of total XP
 D = Non-vault monster count
 E = Vault monster count
 F = Vault count percentage of total count
                 A         B        C        D         E       F
            +---------+---------+-------+---------+---------+-------
      Total |       6 |       0 |   0.0 |       3 |       0 |   0.0
            +---------+---------+-------+---------+---------+-------
        D:1 |       6 |       0 |   0.0 |       3 |       0 |   0.0
            +---------+---------+-------+---------+---------+-------
